 Dungeon Crawl Stone Soup version 0.28-a0-724-g66f9036eb4 (webtiles) character file.

Game seed: 3348731440521049076

745 KoroneIsBestGirl the Covered (level 7, -11/44 HPs)
             Began as a Gargoyle Fighter on Oct 26, 2021.
             Mangled by an ogre (25 damage)
             ... on level 5 of the Dungeon.
             The game lasted 00:04:52 (5376 turns).

KoroneIsBestGirl the Covered (Gargoyle Fighter)     Turns: 5376, Time: 00:04:53

Health: -11/44     AC: 13    Str: 21    XL:     7   Next: 76%
Magic:  9/9        EV: 10    Int:  9    God:
Gold:   184        SH:  4    Dex:  9    Spells: 5/9 levels left

rFire   . . .      SeeInvis .   a - +0 trident
rCold   . . .      Faith    .   c - +0 buckler
rNeg    + . .      Spirit   .   b - +0 scale mail
rPois   ∞          Reflect  .   (no helmet)
rElec   +          Harm     .   (no cloak)
rCorr   .          Rampage  .   (no gloves)
Will    .....                   n - +0 pair of boots
Stlth   ..........              (no amulet)
HPRegen 0.14/turn               (no ring)
MPRegen 0.11/turn               (no ring)

@: no status effects
A: sickness immunity, AC +4, negative energy resistance 1, electricity
resistance, torment resistance 1, petrification resistance
a: no special abilities


You were on level 5 of the Dungeon.
You visited 1 branch of the dungeon, and saw 5 of its levels.

You collected 184 gold pieces.

Inventory:

Hand Weapons
 a - a +0 trident (weapon)
Armour
 b - a +0 scale mail (worn)
 c - a +0 buckler (worn)
 n - a +0 pair of boots (worn)
Jewellery
 d - an amulet of guardian spirit
Scrolls
 e - 2 scrolls of fear
 f - 2 scrolls of magic mapping
 h - a scroll of immolation
 i - a scroll of teleportation {unknown}
 k - a scroll of vulnerability
 m - 2 scrolls of amnesia
 o - a scroll of silence {unknown}
 r - a scroll of enchant weapon
 t - 2 scrolls of identify
Potions
 g - a potion of mutation {unknown}
 j - 3 potions of lignification {unknown}
 l - 3 potions of curing
 p - 2 potions of haste {unknown}
 q - 2 potions of heal wounds {unknown}
 s - a potion of brilliance {unknown}


   Skills:
 + Level 5.0 Fighting
 + Level 4.2 Polearms
 + Level 5.1 Armour
 - Level 0.7 Dodging
 - Level 0.2 Stealth
 - Level 4.1 Shields
 + Level 1.9 Spellcasting
 + Level 2.3 Conjurations
 + Level 2.0 Hexes


You had 5 spell levels left.
You knew the following spells:

 Your Spells              Type           Power      Damage    Failure   Level
a - Fulminant Prism       Conj/Hex       2%         3d6       98%         4

Your spell library contained the following spells:

 Spells                   Type           Power      Damage    Failure   Level
 Magic Dart               Conj           20%        1d4       32%         1
 Searing Ray              Conj           10%        2d4       45%         2
 Apportation              Tloc           0%         N/A       65%         1
 Beastly Appendage        Tmut           0%         N/A       65%         1
 Wereblood                Tmut           0%         N/A       78%         2
 Spider Form              Tmut/Pois      0%         N/A       95%         3
 Alistair's Intoxication  Tmut/Pois      0%         N/A       100%        5
 Invisibility             Hex            2%         N/A       100%        6


Dungeon Overview and Level Annotations

Branches:
Dungeon (5/15)
 Temple: D:4-7

Altars:
Ashenzari
Sif Muna
Trog
Wu Jian

Annotations:
D:4 3 runed translucent doors, SirDiesAlot's ghost, weakling MiDe; cheechan's ghost, amateur NaCK


Innate Abilities, Weirdness & Mutations

You are immune to sickness and miasma.
Your stone body is resilient. (AC +4)
You are immune to poison.
You resist negative energy. (rN+)
You are resistant to electric shocks. (rElec)
You are resistant to unholy torment.
You are immune to petrification.


Message History

You are too injured to fight recklessly!
You are too injured to fight recklessly!
You are too injured to fight recklessly!
You are too injured to fight recklessly!
You are too injured to fight recklessly!
You are too injured to fight recklessly!
You are too injured to fight recklessly!
You are too injured to fight recklessly!
You are too injured to fight recklessly!
You are too injured to fight recklessly!
You are too injured to fight recklessly!
You are too injured to fight recklessly!
You are too injured to fight recklessly!
You are too injured to fight recklessly!
You are too injured to fight recklessly!
You are too injured to fight recklessly!
You are too injured to fight recklessly!
You are too injured to fight recklessly!
You are too injured to fight recklessly!
You are too injured to fight recklessly!
You barely miss the ogre.
The ogre is severely wounded.
The ogre hits you with a +0 giant club.
* * * LOW HITPOINT WARNING * * *
You hit the ogre but do no damage.
The ogre is severely wounded.
You block the ogre's attack.
You hit the ogre.
The ogre is severely wounded.
You hit the ogre.
The ogre is almost dead.
You block the ogre's attack.
You hit the ogre but do no damage.
The ogre is almost dead.
The ogre barely misses you.
You barely miss the ogre.
The ogre is almost dead.
The ogre hits you with a +0 giant club!!
Ouch! That really hurt!
You die...

.......
##..#### #
...... #. #####
.### ..# #.# #
#.#######
..###.#.......#
......O@#.###.#
..#.......# #.#
##....### #.#
......# #.#
####.### #.# ##
#. #.# .. #.#
##'# #.##### .#
.#.# ##...##
#.....# .#
#..[..##.....##
#####.#


You could see an ogre.

Vanquished Creatures
  A water moccasin (D:5)
  A black bear (D:5)
  An ogre (D:5)
  A necrophage (D:5)
  A scorpion (D:4)
  3 hounds
  An iguana (D:5)
  A hound zombie (D:5)
  A howler monkey zombie (D:5)
  3 gnolls
  A howler monkey skeleton (D:5)
  5 adders
  3 worms (D:2)
  3 dart slugs
  4 orcs
  9 ball pythons
  5 endoplasms
  4 goblins
  6 hobgoblins
  13 kobolds
  10 bats
  2 frilled lizards (D:1)
  5 rats
84 creatures vanquished.

Vanquished Creatures (others)
  3 withered plants (D:2)
3 creatures vanquished.

Grand Total: 87 creatures vanquished

Notes
Turn   | Place    | Note
-------+----------+-------------------------------------------
     0 | D:1      | KoroneIsBestGirl the Gargoyle Fighter began the quest for
                  | the Orb.
     0 | D:1      | Reached XP level 1. HP: 14/14 MP: 1/1
   190 | D:1      | Reached XP level 2. HP: 19/19 MP: 2/2
   625 | D:1      | Reached XP level 3. HP: 24/24 MP: 3/3
  1382 | D:2      | Reached XP level 4. HP: 29/29 MP: 4/4
  1676 | D:2      | Found a faded altar of an unknown god.
  2947 | D:3      | Reached XP level 5. HP: 27/33 MP: 5/5
  3806 | D:4      | Reached XP level 6. HP: 38/38 MP: 6/6
  3809 | D:4      | Found a broken altar of Ashenzari.
  3815 | D:4      | Learned a level 4 spell: Fulminant Prism
  4107 | D:4      | Found a runed translucent gate.
  4107 | D:4      | Found a runed translucent gate.
  4107 | D:4      | Found a runed translucent gate.
  4108 | D:4      | Noticed SirDiesAlot's ghost (weakling MiDe)
  4109 | D:4      | Noticed cheechan's ghost (amateur NaCK)
  4143 | D:5      | Entered Level 5 of the Dungeon
  4180 | D:5      | Noticed a necrophage
  4196 | D:5      | Killed a necrophage
  4197 | D:5      | Reached skill level 1 in Conjurations
  4241 | D:5      | Noticed a water moccasin
  4265 | D:5      | Killed a water moccasin
  4266 | D:5      | Reached skill level 1 in Spellcasting
  4266 | D:5      | Reached skill level 1 in Hexes
  4266 | D:5      | Reached XP level 7. HP: 15/44 MP: 8/8
  4479 | D:5      | Found a bloodstained altar of Trog.
  4907 | D:5      | Found a shimmering blue altar of Sif Muna.
  4908 | D:5      | Found an ornate altar of the Wu Jian Council.
  5109 | D:5      | Reached skill level 5 in Armour
  5280 | D:5      | Reached skill level 5 in Fighting
  5376 | D:5      | Mangled by an ogre

Illustrated notes

Levels and vault maps discovered:
D:1:      eino_arrival_water_cross, layout_basic, ebering_dispersal_statue_hall
D:2:      layout_basic, ebering_ecumenical_altar_petrified, chequers_jeans
D:3:      layout_rooms, dk_noncrumbling_4, st_stairs_5
D:4:      layout_rooms, general_overflow_altar, gammafunk_ghost_cemetery
D:5:      layout_loops_corners, mainiacjoe_overflow_boulevard,
          mainiacjoe_overflow_divided_tiny

Skill      XL: |  1  2  3  4  5  6  7 |
---------------+----------------------+-----
Polearms       | 2 3 4 |  4.2
Fighting       | 4 5 |  5.0
Armour         | 4 5 |  5.1
Shields        | 4 |  4.1
Conjurations   | 1 2 |  2.3
Spellcasting   | 1 |  1.9
Hexes          | 1 2 |  2.0
Dodging        | |  0.7
Stealth        | |  0.2

Action                   |  1- 3 |  4- 6 |  7- 9 || total
-------------------------+-------+-------+-------++-------
Melee: Trident           |   117 |   220 |    71 ||   408
  Use: Scroll            |       |     6 |       ||     6
       Potion            |       |     2 |       ||     2
Armor: Scale mail        |    50 |   121 |    22 ||   193
Dodge: Dodged            |    54 |   102 |    23 ||   179
Block: Buckler           |    19 |    48 |    16 ||    83

Table legend: (Time is in decaauts)
 A = Elapsed time spent in this place.
 B = Non-inter-level travel time spent in this place.
 C = Inter-level travel time spent in this place.
 D = Time resting spent in this place.
 E = Time spent auto-exploring this place.
 F = Levels seen in this place.
 G = Mean time per level.
                   A        B        C        D        E       F      G
               +--------+--------+--------+--------+--------+-----+--------+
         Total |   5440 |   5283 |    157 |    438 |   4062 |   5 | 1088.0 |
       Dungeon |   5440 |   5283 |    157 |    438 |   4062 |   5 | 1088.0 |
               +--------+--------+--------+--------+--------+-----+--------+

Top non-repeatable levels by time:
     D:2: 1837 daAuts
     D:5: 1244 daAuts
     D:1: 1070 daAuts
     D:3: 684 daAuts
     D:4: 603 daAuts
